 Dungeon Crawl Stone Soup version 0.31.0-9-g3a7656b989 (webtiles) character file.

Game seed: 1611811607395995947

2517 qw the Nimble (level 9, -9/44 HPs)
             Began as a Spriggan Hunter on Feb 2, 2024.
             Was an Elder of Okawaru.
             Killed from afar by an electric eel (12 damage)
             ... with a bolt of electricity
             ... on level 7 of the Dungeon.
             The game lasted 00:00:24 (5642 turns).

qw the Nimble (Spriggan Hunter)                     Turns: 5642, Time: 00:00:25

Health: -9/44      AC:  2    Str:  9    XL:     9   Next: 29%
Magic:  13/13      EV: 29    Int: 11    God:    Okawaru [****..]
Gold:   56         SH:  0    Dex: 28    Spells: 8/8 levels left

rFire   + . .        a - +2 shortbow
rCold   . . .        (shield currently unavailable)
rNeg    . . .        h - +0 robe of Demonic Wonder {rF+ Str+2}
rPois   .            (helmet restricted)
rElec   .            (no cloak)
rCorr   .            (gloves unavailable)
SInv    +            (boots unavailable)
Will    ++...        (no amulet)
Stlth   +++          o - ring of willpower
HPRegen 0.27/turn    b - +6 ring of dexterity
MPRegen 0.13/turn

%: no passive effects
@: about to teleport, very quick
A: very small, no large weapons, unfitting armour, see invisible, speed 3
a: Renounce Religion, Heroism, Finesse


You were on level 7 of the Dungeon.
You worshipped Okawaru.
Okawaru was greatly pleased with you.
You visited 1 branch of the dungeon, and saw 7 of its levels.

You collected 331 gold pieces.
You spent 275 gold pieces at shops.


Innate Abilities, Weirdness & Mutations

You are very small and have problems with some larger weapons.
You are too small for most types of armour.
You have supernaturally acute eyesight. (SInv)
You cover ground extremely quickly. (Speed+++)


   Skills:
 - Level 3.1 Fighting
 - Level 9.1 Ranged Weapons
 + Level 10.1 Dodging
 - Level 1.5 Stealth
 + Level 4.9 Invocations


You had 8 spell levels left.
You didn't know any spells.
Your spell library was empty.

Inventory:

Hand Weapons
 a - a +2 shortbow (weapon)
Armour
 h - the +0 robe of Demonic Wonder (worn) {rF+ Str+2}
   (You acquired it on level 1 of the Dungeon)

   Str+2:     It affects your strength (+2).
   rF+:       It protects you from fire.
Jewellery
 b - a +6 ring of dexterity (right hand)
 d - an amulet of guardian spirit
 j - a ring of ice
 o - a ring of willpower (left hand)
 Y - a ring of positive energy
Wands
 e - a wand of paralysis (8)
 q - a wand of polymorph (8)
Scrolls
 k - a scroll of identify
Potions
 c - a potion of magic
 f - 3 potions of curing
 g - 3 potions of enlightenment
 i - a potion of might
 l - 2 potions of heal wounds
 n - a potion of haste

Dungeon Overview and Level Annotations

Branches:
Dungeon (7/15)             Temple (0/1) D:5

Altars:
Okawaru
Trog
Xom

Shops:
D:7 =

Annotations:
D:3 3 runed translucent doors, qw's ghost, amateur SpHu
D:4 1 runed translucent door, Crazy Yiuf
D:7 exclusion: 2 electric eels


Message History

The bolt of electricity misses you.
You shoot an arrow.
The arrow closely misses the electric eel.
You shoot an arrow. The arrow hits the electric eel!
The electric eel is heavily wounded.
The electric eel shoots out a bolt of lightning at you!
The bolt of electricity misses you.
You shoot an arrow. The arrow hits the electric eel.
The electric eel is almost dead.
An electric eel comes into view.
The electric eel shoots out a bolt of lightning at you!
The bolt of electricity misses you.
You shoot an arrow. The arrow hits the electric eel!
You kill the electric eel!
Okawaru accepts your kill.
You hear a splash.
The electric eel shoots out a bolt of lightning at you!
The bolt of electricity hits the electric eel.
The electric eel completely resists.
The bolt of electricity hits you.
The electric eel shoots out a bolt of lightning at you!
The bolt of electricity hits you!
You shoot an arrow. The arrow hits the electric eel.
The electric eel is moderately wounded.
You shoot an arrow. The arrow hits the electric eel.
The electric eel is heavily wounded.
The electric eel shoots out a bolt of lightning at you!
The bolt of electricity hits you!
The electric eel shoots out a bolt of lightning at you!
The bolt of electricity hits you!
Enter note:
Enter note:
Enter note:
Enter note:
Enter note:
5642 ||| READING scroll of teleportation.
As you read the scroll of teleportation, it crumbles to dust.
You feel strangely unstable.
The electric eel shoots out a bolt of lightning at you!
The bolt of electricity hits you!
You die...

.....#..# ~.~~~~~~.#
#..#.###..# [ ~~~~S~..
#..#.# #..## .P ~S~....
#..#.# .... ~~~ ~....#
#..#.# .... ~~~P ....#
#..#.# #### ~~~~% ...#
#.##.# #.#
P~P~P.#..####.##.#####.#
~~PP...@...[............
~P.......####.##.#####.#
~...........%.##........
..###.........##..####..
. #......##.##..# #..
#......##.##..# #..
...#............ ...
###.#...##..##..# #..
#.#..># ..# ...


You could see 2 electric eels.

Vanquished Creatures
  Pikel (D:4)
  Edmund (D:4)
  Duvessa (D:4)
  2 ice beasts (D:5)
  A sky beast (D:7)
  2 black bears
  An ogre (D:5)
  A phantom (D:5)
  2 scorpions
  4 wights (D:7)
  Dowan (D:4)
  2 howler monkeys
  An electric eel (D:7)
  3 bombardier beetles
  3 hounds
  2 jellies (D:4)
  A sleepcap (D:6)
  2 iguanas
  Ijyb (D:4)
  7 orc wizards
  3 gnolls (D:3)
  4 adders
  A shadow imp (D:6)
  A white imp (D:6)
  4 ufetubi
  3 dart slugs
  2 ribbon worms (D:2)
  12 orcs
  10 bats
  5 endoplasms
  2 giant cockroaches
  8 goblins
  2 hobgoblins (D:3)
  8 jackals (D:2)
  4 quokkas
  8 ball pythons
  4 frilled lizards
  4 kobolds
  4 rats
128 creatures vanquished.

Notes
Turn   | Place    | Note
-------+----------+-------------------------------------------
     0 | D:1      | qw the Spriggan Hunter began the quest for the Orb.
     0 | D:1      | Reached XP level 1. HP: 10/10 MP: 2/2
     0 | D:1      | 0 ||| qw: Version: 0.3-a-155-g5e7d8dd
     0 | D:1      | 0 ||| qw: Game counter: 2230
     0 | D:1      | 0 ||| qw: Melee chars always use a shield: true
     0 | D:1      | 0 ||| qw: God list: Okawaru
     0 | D:1      | 0 ||| qw: Allow faded altars: false
     0 | D:1      | 0 ||| qw: Do Orc after clearing Dungeon:15 true
     0 | D:1      | 0 ||| qw: Do second Lair branch before Depths: true
     0 | D:1      | 0 ||| qw: Lair rune preference: random
     0 | D:1      | 0 ||| qw: Goals: Normal
     0 | D:1      | 0 ||| PLANNING D:1-11
    20 | D:1      | Reached skill level 3 in Dodging
   246 | D:1      | Reached XP level 2. HP: 14/14 MP: 3/3
   293 | D:1      | Reached skill level 4 in Dodging
   633 | D:1      | 633 ||| UPGRADING to amulet of guardian spirit.
   638 | D:1      | 638 ||| UPGRADING to ring of positive energy.
   639 | D:1      | 639 ||| READING scroll labelled ROAPPU XOEF.
   639 | D:1      | Identified a scroll of acquirement
   639 | D:1      | 639 ||| ACQUIRING +0 robe of Demonic Wonder {rF+ Str+2}
   639 | D:1      | Acquired the +0 robe of Demonic Wonder {rF+ Str+2}
   641 | D:1      | 641 ||| UPGRADING to +0 robe of Demonic Wonder {rF+ Str+2}.
   651 | D:1      | 651 ||| DROPPING +0 robe.
   652 | D:1      | 652 ||| DROPPING scroll of butterflies.
   786 | D:2      | Found an iron altar of Okawaru.
   787 | D:2      | 787 ||| PLANNING OKAWARU WORSHIP
   798 | D:2      | Became a worshipper of Warmaster Okawaru
   799 | D:2      | 799 ||| PLANNING D:1-11
   799 | D:2      | 799 ||| REMOVING amulet of guardian spirit.
   873 | D:2      | Reached XP level 3. HP: 18/18 MP: 4/4
  1041 | D:2      | 1041 ||| FLEEEEING.
  1566 | D:2      | 1566 ||| UPGRADING to +6 ring of dexterity.
  1567 | D:2      | 1567 ||| READING scroll labelled TINAAFREDYE.
  1568 | D:2      | 1568 ||| READING scroll labelled MASOLU PUOGRIN.
  1669 | D:2      | 1669 ||| DRINKING 3 black potions.
  1763 | D:3      | Found a runed translucent gate.
  1763 | D:3      | Found a runed translucent gate.
  1763 | D:3      | Found a runed translucent gate.
  1773 | D:3      | Noticed qw's ghost (amateur SpHu)
  1817 | D:3      | Reached XP level 4. HP: 22/22 MP: 5/5
  1833 | D:3      | 1833 ||| FLEEEEING.
  1947 | D:3      | Reached skill level 5 in Dodging
  2065 | D:3      | Found a shimmering altar of Xom.
  2243 | D:3      | 2243 ||| DRINKING 2 fizzy red potions.
  2244 | D:3      | 2244 ||| DROPPING potion of invisibility.
  2259 | D:4      | Reached XP level 5. HP: 25/25 MP: 6/6
  2342 | D:4      | Reached skill level 6 in Dodging
  2346 | D:4      | Reached * piety under Okawaru
  2432 | D:4      | Reached skill level 1 in Invocations
  2461 | D:4      | Noticed Dowan
  2464 | D:4      | Killed Dowan
  2465 | D:4      | Reached XP level 6. HP: 30/30 MP: 8/8
  2605 | D:4      | Noticed Duvessa
  2606 | D:4      | 2606 ||| INVOKING Heroism.
  2619 | D:4      | Killed Duvessa
  2619 | D:4      | Reached ** piety under Okawaru
  2620 | D:4      | Reached skill level 6 in Ranged Weapons
  2620 | D:4      | Reached skill level 3 in Invocations
  2759 | D:4      | Noticed Edmund
  2760 | D:4      | 2760 ||| INVOKING Heroism.
  2772 | D:4      | Killed Edmund
  2773 | D:4      | Reached XP level 7. HP: 29/35 MP: 8/10
  2935 | D:4      | Noticed Ijyb
  2943 | D:4      | Killed Ijyb
  2945 | D:4      | Reached skill level 7 in Dodging
  3064 | D:4      | Noticed Pikel
  3065 | D:4      | 3065 ||| RETREEEEATING.
  3066 | D:4      | 3066 ||| INVOKING Heroism.
  3068 | D:4      | 3068 ||| RETREEEEATING.
  3071 | D:4      | 3071 ||| RETREEEEATING.
  3092 | D:4      | Killed Pikel
  3092 | D:4      | Reached *** piety under Okawaru
  3093 | D:4      | Reached XP level 8. HP: 13/39 MP: 12/12
  3273 | D:4      | Found a runed translucent door.
  3274 | D:4      | Noticed Crazy Yiuf
  3513 | D:4      | 3513 ||| UPGRADING to ring of willpower.
  3515 | D:4      | 3515 ||| READING scroll labelled SOSHAHI NAAL.
  3515 | D:4      | 3515 ||| ENCHANTING +0 shortbow.
  3516 | D:4      | 3516 ||| READING scroll labelled IRPHISCH MEUPAI.
  3517 | D:4      | 3517 ||| READING 4 scrolls labelled PEGAHE LUKLAI.
  3517 | D:4      | 3517 ||| IDENTIFYING metallic green potion
  3518 | D:4      | 3518 ||| READING 3 scrolls of identify.
  3518 | D:4      | 3518 ||| IDENTIFYING viscous dark potion
  3519 | D:4      | 3519 ||| READING 2 scrolls of identify.
  3519 | D:4      | 3519 ||| IDENTIFYING coppery potion
  3520 | D:4      | 3520 ||| READING scroll of identify.
  3520 | D:4      | 3520 ||| IDENTIFYING red potion
  3521 | D:4      | 3521 ||| READING 3 scrolls labelled ROSIUBBOTTO.
  3522 | D:4      | 3522 ||| DROPPING potion of degeneration.
  3523 | D:4      | 3523 ||| DROPPING potion of ambrosia.
  3524 | D:4      | 3524 ||| DROPPING 2 scrolls of revelation.
  3559 | D:5      | Entered Level 5 of the Dungeon
  3673 | D:5      | Reached skill level 8 in Dodging
  3684 | D:5      | HP: 9/39 [poisoned by a scorpion]
  3983 | D:5      | Reached skill level 9 in Dodging
  4121 | D:5      | Reached skill level 3 in Fighting
  4296 | D:5      | Found a bloodstained altar of Trog.
  4314 | D:5      | Reached **** piety under Okawaru
  4507 | D:5      | Found a staircase to the Ecumenical Temple.
  4690 | D:5      | 4690 ||| DROPPING ring of wizardry.
  4691 | D:5      | 4691 ||| READING scroll of identify.
  4691 | D:5      | 4691 ||| IDENTIFYING dark potion
  4692 | D:5      | 4692 ||| READING scroll labelled RYMACS ENUEFUA.
  4693 | D:5      | 4693 ||| DRINKING 2 fuming silvery potions.
  4808 | D:6      | 4808 ||| READING scroll of enchant weapon.
  4808 | D:6      | 4808 ||| ENCHANTING +1 shortbow.
  4952 | D:6      | Reached XP level 9. HP: 40/44 MP: 13/13
  5338 | D:6      | 5338 ||| READING 4 scrolls of identify.
  5338 | D:6      | 5338 ||| IDENTIFYING cyan potion
  5339 | D:6      | 5339 ||| READING 3 scrolls of identify.
  5339 | D:6      | 5339 ||| IDENTIFYING 2 fizzy green potions
  5340 | D:6      | 5340 ||| READING 2 scrolls of identify.
  5340 | D:6      | 5340 ||| IDENTIFYING scroll labelled WEEFEA IFITRAE
  5341 | D:6      | 5341 ||| DROPPING 2 potions of lignification.
  5342 | D:6      | 5342 ||| DROPPING wand of flame (18).
  5407 | D:7      | 5407 ||| INVOKING Finesse.
  5408 | D:7      | 5408 ||| INVOKING Heroism.
  5465 | D:7      | Found Peladimm's Jewellery Shoppe.
  5479 | D:7      | 5479 ||| SHOPLISTING +5 ring of evasion (396 gold, have
                  | 319).
  5479 | D:7      | 5479 ||| SHOPLISTING +6 ring of dexterity (396 gold, have
                  | 319).
  5479 | D:7      | 5479 ||| SHOPLISTING amulet of reflection (330 gold, have
                  | 319).
  5479 | D:7      | 5479 ||| BUYING ring of ice (275 gold).
  5479 | D:7      | Bought a ring of ice for 275 gold pieces
  5479 | D:7      | 5479 ||| SHOPLISTING ring of protection from fire (275
                  | gold, have 44).
  5517 | D:7      | 5517 ||| RETREEEEATING.
  5519 | D:7      | 5519 ||| RETREEEEATING.
  5527 | D:7      | Reached skill level 10 in Dodging
  5628 | D:7      | Reached skill level 9 in Ranged Weapons
  5641 | D:7      | HP: 11/44 [electric eel/bolt of electricity (14)]
  5641 | D:7      | HP: 3/44 [electric eel/bolt of electricity (8)]
  5642 | D:7      | 5642 ||| READING scroll of teleportation.
  5642 | D:7      | Killed from afar by an electric eel

Levels and vault maps discovered:
D:1:      saegor_arrival_simple_d, layout_loops_ring
D:2:      layout_basic, serial_rivers, chequers_serial_rivers_small_b,
          chequers_serial_rivers_small_3, chequers_serial_rivers_micro_a,
          chequers_serial_rivers_micro_c, chequers_serial_rivers_small_3,
          basic_altar, minmay_misc_feat_four_crosses
D:3:      layout_rooms, nicolae_overflow_crystal_walls,
          gammafunk_ghost_necromancy, serial_bayou_lake_a
D:4:      layout_loops_corners, minmay_misc_feat_ornament, minmay_diced_spiral,
          uniq_ijyb, uniq_duvessa, uniq_pikel, uniq_crazy_yiuf_cottage,
          uniq_edmund
D:5:      layout_basic, mainiacjoe_overflow_alcove_4,
          minmay_temple_entry_poolview
D:6:      layout_loops_cross, minivault_19
D:7:      layout_basic, serial_shops, nicolae_shop_statue_plus,
          kennysheep_pointless_box, chequers_big_river

Skill      XL: |  1  2  3  4  5  6  7  8  9 |
---------------+----------------------------+-----
Dodging        | 3 4 5 6 7 9 10 | 10.1
Ranged Weapons | 5 6 8 9 |  9.1
Fighting       | 2 3 |  3.1
Invocations    | 1 3 4 |  4.9
Stealth        | |  1.5

Action                     |  1- 3 |  4- 6 |  7- 9 || total
---------------------------+-------+-------+-------++-------
   Fire: Shortbow          |   134 |   111 |   278 ||   523
 Invoke: Heroism           |       |     2 |     2 ||     4
         Finesse           |       |       |     1 ||     1
    Use: Scroll            |     3 |       |    14 ||    17
         Potion            |     1 |     1 |     1 ||     3
 Armour: Robe              |    10 |    10 |    34 ||    54
  Dodge: Dodged            |    48 |    36 |   155 ||   239

Table legend:
 A = Non-vault XP
 B = Vault XP
 C = Vault XP percentage of total XP
 D = Non-vault monster count
 E = Vault monster count
 F = Vault count percentage of total count
                 A         B        C        D         E       F
            +---------+---------+-------+---------+---------+-------
      Total |    2460 |    1137 |  31.6 |     119 |       9 |   7.0
            +---------+---------+-------+---------+---------+-------
        D:1 |      30 |       0 |   0.0 |      17 |       0 |   0.0
        D:2 |      50 |       0 |   0.0 |      27 |       0 |   0.0
        D:3 |      80 |       0 |   0.0 |      16 |       0 |   0.0
        D:4 |     367 |    1137 |  75.6 |      18 |       9 |  33.3
        D:5 |     930 |       0 |   0.0 |      16 |       0 |   0.0
        D:6 |     390 |       0 |   0.0 |      17 |       0 |   0.0
        D:7 |     613 |       0 |   0.0 |       8 |       0 |   0.0
            +---------+---------+-------+---------+---------+-------
